 Dungeon Crawl Stone Soup version 0.30.0-19-g36f170ea60 (webtiles) character file.

Game seed: 145463659007191028

229 CaptainMV the Digger (level 5, -5/35 HPs)
             Began as a Demonspawn Wanderer on May 30, 2023.
             Slain by Edmund
             ... wielding a +2 flail of holy wrath
              (8 damage)
             ... on level 6 of the Dungeon.
             The game lasted 00:18:36 (1444 turns).

CaptainMV the Digger (Demonspawn Wanderer)          Turns: 1444, Time: 00:18:37

Health: -5/35      AC:  4    Str: 10    XL:     5   Next: 71%
Magic:  1/9        EV: 12    Int: 14    God:
Gold:   170        SH:  0    Dex: 16    Spells: 4/9 levels left

rFire   . . .        b - staff of death
rCold   . . .        (no shield)
rNeg    + . .        c - +0 robe
rPois   .            (no helmet)
rElec   .            (no cloak)
rCorr   .            d - +1 pair of gloves
SInv    .            (no boots)
Will    .....        (no amulet)
Stlth   ++           (no ring)
HPRegen 0.25/turn    (no ring)
MPRegen 0.11/turn

%: no passive effects
@: no status effects
A: hooves 1, demonic guardian 1, demonic magic 1
a: no special abilities


You were on level 6 of the Dungeon.
You visited 1 branch of the dungeon, and saw 4 of its levels.

You collected 170 gold pieces.

Inventory:

Hand Weapons
 a - a +1 dagger of protection
Missiles
 j - 6 poisoned darts (quivered)
Armour
 c - a +0 robe (worn)
 d - a +1 pair of gloves (worn)
Magical Staves
 b - a staff of death (weapon)
Jewellery
 f - a ring of ice
 i - a ring of resist corrosion
Scrolls
 k - 2 scrolls of teleportation {unknown}
 m - a scroll of magic mapping
Potions
 e - a potion of curing
 g - 2 potions of degeneration {unknown}
 h - 2 potions of heal wounds
 l - a potion of berserk rage {unknown}
 n - a potion of resistance {unknown}


   Skills:
 + Level 0.1 Fighting
 + Level 0.6 Short Blades
 + Level 1.0 Armour
 + Level 1.6 Dodging
 + Level 1.7 Stealth
 + Level 2.7 Spellcasting
 + Level 3.2 Necromancy
 + Level 5.3 Earth Magic


You had 4 spell levels left.
You knew the following spells:

 Your Spells              Type           Power      Damage    Failure   Level
a - Sandblast             Erth           32%        2d9       2%          1
b - Necrotise             Necr           64%        1d7       6%          1
c - Vampiric Draining     Necr           16%        2d7       19%         3

Your spell library contained the following spells:

 Spells                   Type           Power      Damage    Failure   Level
 Passwall                 Tmut/Erth      7%         N/A       11%         2
 Magic Dart               Conj           4%         1d3       22%         1
 Call Imp                 Summ           2%         N/A       32%         2
 Ensorcelled Hibernation  Hex/Ice        2%         N/A       32%         2
 Mephitic Cloud           Conj/Pois/Air  1%         N/A       54%         3
 Swiftness                Air            1%         N/A       54%         3
 Animate Armour           Summ/Erth      18%        N/A       58%         4


Dungeon Overview and Level Annotations

Branches:
Dungeon (3/15)

Altars:

Annotations:
D:6 Edmund


Innate Abilities, Weirdness & Mutations

You have large cloven feet.
A weak demonic guardian rushes to your aid.
Spells you cast may paralyse adjacent enemies.


Message History

The spell is quite dangerous to miscast (19% risk of failure)!
Continue anyway?
Okay, then.
Casting: Vampiric Draining (quite dangerous; 19% risk of failure)
Confirm with . or Enter, or press ? or * to list all spells.
The spell is quite dangerous to miscast (19% risk of failure)!
Continue anyway?
Aiming: Vampiric Draining (quite dangerous; 19% risk of failure)
Press: ? - help, Shift-Dir - straight line, f/p - Edmund
Aim: Edmund, wielding a +2 flail of holy wrath and wearing a +0 scale mail (lightly wounded)
You feel a surge of power!
You draw life force from Edmund!
Malevolent energies surge around you.
Edmund hits you with a +2 flail of holy wrath!
You convulse!
Casting: Vampiric Draining (quite dangerous; 19% risk of failure)
Confirm with . or Enter, or press ? or * to list all spells.
Aiming: Necrotise (safe; 6% risk of failure)
Press: ? - help, Shift-Dir - straight line, f/p - Edmund
Aim: Edmund, wielding a +2 flail of holy wrath and wearing a +0 scale mail (moderately wounded, chance to affect: 73%)
You feel a surge of power!
Nothing appears to happen.
Malevolent energies surge around you. Edmund barely misses you.
Casting: Necrotise (safe; 6% risk of failure)
Confirm with . or Enter, or press ? or * to list all spells.
Aiming: Necrotise (safe; 6% risk of failure)
Press: ? - help, Shift-Dir - straight line, f/p - Edmund
Aim: Edmund, wielding a +2 flail of holy wrath and wearing a +0 scale mail (moderately wounded, chance to affect: 73%)
You feel a surge of power!
Edmund writhes in agony.
Malevolent energies surge around you.
Edmund hits you with a +2 flail of holy wrath.
A demonic guardian appears!
You convulse.
* * * LOW HITPOINT WARNING * * *
Casting: Necrotise (safe; 6% risk of failure)
Confirm with . or Enter, or press ? or * to list all spells.
Aiming: Necrotise (safe; 6% risk of failure)
Press: ? - help, Shift-Dir - straight line, f/p - Edmund
Aim: Edmund, wielding a +2 flail of holy wrath and wearing a +0 scale mail (moderately wounded, ally target, chance to affect: 73%)
You feel a surge of power!
Edmund writhes in agony!
Malevolent energies surge around you.
Edmund hits you with a +2 flail of holy wrath.
* * * LOW HITPOINT WARNING * * *
You convulse!
You die...

#.# ##.####.#######....... #.#
#....##.# #....... #.####....##.#
#.....## #...##....##.# ###
#....... ###.#.##....##.#...#
#.....##
.##.#.....##....##.#...###.....##
.................................
..........#.....##"#...###....###
.##.............@@...............
................5......... .>.
.##.###.#.###......####### ###
... ................ ...
.....###......### ..
...............# ......##.#
.#..#. .#


You could see Edmund (ally target) and a friendly white imp (summoned).

Vanquished Creatures
  A scorpion (D:6)
  A sleepcap (D:6)
  A gnoll (D:2)
  An adder (D:2)
  An ufetubus (D:3)
  A worm (D:3)
  5 dart slugs
  4 orcs (D:3)
  4 ball pythons (D:1)
  2 endoplasms (D:1)
  2 giant cockroaches
  4 goblins (D:1)
  6 hobgoblins
  2 jackals (D:3)
  4 kobolds
  2 quokkas (D:2)
  6 bats
  2 frilled lizards
  7 rats
56 creatures vanquished.

Vanquished Creatures (collateral kills)
  Crazy Yiuf (D:2)
  2 gnolls (D:2)
  An orc (D:3)
  A bat (D:2)
  A hobgoblin (D:3)
6 creatures vanquished.

Grand Total: 62 creatures vanquished

Notes
Turn   | Place    | Note
-------+----------+-------------------------------------------
     0 | D:1      | CaptainMV the Demonspawn Wanderer began the quest for the
                  | Orb.
     0 | D:1      | CaptainMV set off with the following items: a +0 dagger, a
                  | potion of curing, a +0 robe, a +0 pair of gloves; and the
                  | following spells available to memorise: Sandblast,
                  | Necrotise, Passwall, Vampiric Draining, Animate Armour.
     0 | D:1      | Reached XP level 1. HP: 13/13 MP: 2/2
     2 | D:1      | Learned a level 1 spell: Sandblast
     4 | D:1      | Learned a level 1 spell: Necrotise
   117 | D:1      | Gained mutation: A weak demonic guardian rushes to your
                  | aid. [demonic ancestry]
   117 | D:1      | Reached XP level 2. HP: 19/19 MP: 3/3
   323 | D:1      | Reached skill level 5 in Earth Magic
   476 | D:1      | Reached XP level 3. HP: 20/24 MP: 1/4
   736 | D:2      | Found a runed translucent door.
   737 | D:2      | Noticed Crazy Yiuf
   744 | D:2      | Killed Crazy Yiuf
   763 | D:2      | Gained mutation: You have large cloven feet. [demonic
                  | ancestry]
   763 | D:2      | Reached XP level 4. HP: 27/30 MP: 1/6
  1177 | D:3      | Gained mutation: Spells you cast may paralyse adjacent
                  | enemies. [demonic ancestry]
  1177 | D:3      | Reached XP level 5. HP: 33/35 MP: 0/8
  1211 | D:3      | Found a faded altar of an unknown god.
  1258 | D:3      | You fall into a shaft and drop 3 floors!
  1333 | D:6      | Learned a level 3 spell: Vampiric Draining
  1433 | D:6      | Noticed Edmund
  1434 | D:6      | Identified the amulet "Giehotzu" {RegenMP rN+ Dex+5}
  1444 | D:6      | Slain by Edmund

Illustrated notes

Levels and vault maps discovered:
D:1:      dpeg_arrival_round_c, layout_basic
D:2:      layout_rooms, uniq_crazy_yiuf_cottage
D:3:      layout_rooms, kennysheep_slug_shrine,
          hellmonk_ecumenical_altar_pennies_from_heaven
D:6:      layout_basic, uniq_edmund, uniq_prince_ribbit1

Skill      XL: |  1  2  3  4  5 |
---------------+----------------+-----
Earth Magic    | 5 |  5.3
Spellcasting   | 2 |  2.7
Necromancy     | 2 3 |  3.2
Fighting       | |  0.1
Short Blades   | |  0.6
Armour         | |  1.0
Dodging        | |  1.6
Stealth        | |  1.7

Action                     |  1- 3 |  4- 6 || total
---------------------------+-------+-------++-------
  Melee: Dagger            |    47 |    45 ||    92
         Punch             |     2 |       ||     2
         Staff             |       |    10 ||    10
         Kick              |       |    13 ||    13
   Cast: Sandblast         |    12 |    10 ||    22
         Necrotise         |    24 |    35 ||    59
         Vampiric Draining |       |     1 ||     1
    Use: Scroll            |     9 |       ||     9
         Potion            |       |     1 ||     1
   Stab: Sleeping          |     4 |     2 ||     6
         Paralysed         |       |     3 ||     3
 Armour: Robe              |    22 |    42 ||    64
  Dodge: Dodged            |    33 |    60 ||    93
